 Dungeon Crawl Stone Soup version 0.30.1-3-gfc49f6343a (webtiles) character file.

Game seed: 5335496417426414986

21837 LynnLen the Unseen (level 12, -5/53 HPs)
             Began as a Spriggan Enchanter on July 20, 2023.
             Was an Elder of Dithmenos.
             Slain by a komodo dragon (20 damage)
             ... on level 4 of the Lair of Beasts.
             The game lasted 00:37:50 (15468 turns).

LynnLen the Unseen (Spriggan Enchanter)            Turns: 15468, Time: 00:37:50

Health: -5/53      AC:  7    Str:  4    XL:     12   Next: 57%
Magic:  14/29      EV: 17    Int: 22    God:    Dithmenos [****..]
Gold:   368        SH:  0    Dex: 21    Spells: 22/35 levels left

rFire   . . .        e - +7 dagger
rCold   . . .        (no shield)
rNeg    . . .        P - +1 acid dragon scales
rPois   .            (helmet restricted)
rElec   .            (no cloak)
rCorr   +            (gloves unavailable)
SInv    +            (boots unavailable)
Will    ++...        A - amulet of the acrobat
Stlth   ++++++++++   m - ring of flight
HPRegen 0.28/turn    y - +6 ring of dexterity
MPRegen 0.21/turn

%: acrobat
@: flying, wreathed by umbra, very quick
A: very small, no large weapons, unfitting armour, see invisible, speed 3
a: Renounce Religion, Shadow Step


You were on level 4 of the Lair of Beasts.
You worshipped Dithmenos.
Dithmenos was greatly pleased with you.
You visited 3 branches of the dungeon, and saw 16 of its levels.

You collected 736 gold pieces.
You spent 368 gold pieces at shops.

Inventory:

Hand Weapons
 e - a +7 dagger (weapon)
Missiles
 G - 4 throwing nets
Armour
 P - +1 acid dragon scales (worn)
Jewellery
 m - a ring of flight (left hand)
 p - a +6 ring of strength
 v - an amulet of guardian spirit
 y - a +6 ring of dexterity (right hand)
 A - an amulet of the acrobat (around neck)
 H - a ring of willpower
 O - a ring of poison resistance
 R - a ring of fire
Wands
 u - a wand of acid (13)
 J - a wand of flame (15)
 L - a wand of roots (8)
 N - a wand of polymorph (9)
Scrolls
 b - a scroll of identify
 k - 3 scrolls of fear
 l - 8 scrolls of teleportation
 n - 2 scrolls of blinking
 o - 2 scrolls of fog
 r - 5 scrolls of magic mapping
 w - 3 scrolls of immolation
 C - 2 scrolls of amnesia
 D - a scroll of vulnerability {unknown}
 F - 6 scrolls of poison
 I - a scroll of noise {unknown}
 K - a scroll of torment {unknown}
 M - a scroll of brand weapon {unknown}
 Q - a scroll of summoning {unknown}
Potions
 a - a potion of brilliance {unknown}
 c - 6 potions of invisibility
 d - 7 potions of curing
 f - 2 potions of berserk rage
 g - 2 potions of resistance {unknown}
 h - 5 potions of mutation
 i - 6 potions of attraction
 j - a potion of ambrosia {unknown}
 s - 5 potions of might
 t - 2 potions of haste
 x - 2 potions of flight
 z - 5 potions of cancellation
 E - 4 potions of lignification


   Skills:
 + Level 1.6 Fighting
 - Level 10.0 Short Blades
 + Level 4.2 Dodging
 + Level 17.1 Stealth
 + Level 12.4 Spellcasting
 - Level 10.0 Hexes
 + Level 5.2 Air Magic
 + Level 5.9 Earth Magic


You had 22 spell levels left.
You knew the following spells:

 Your Spells              Type           Power      Damage    Failure   Level
a - Ensorcelled Hibernat  Hex/Ice        70%        N/A       2%          2
b - Confusing Touch       Hex            55%        N/A       1%          3
c - Tukima's Dance        Hex            55%        N/A       1%          3
d - Leda's Liquefaction   Hex/Erth       24%        N/A       4%          4
e - Shock                 Conj/Air       100%       1d9       3%          1

Your spell library contained the following spells:

 Spells                   Type           Power      Damage    Failure   Level
 Dazzling Flash           Conj/Hex       70%        N/A       4%          3
 Portal Projectile        Hex/Tloc       70%        N/A       4%          3
 Swiftness                Air            36%        N/A       4%          3
 Freeze                   Ice            52%        1d6       12%         1
 Airstrike                Air            18%        2d(3-19)  13%         4
 Anguish                  Hex/Necr       17%        N/A       14%         4
 Lesser Beckoning         Tloc           26%        N/A       17%         2
 Call Canine Familiar     Summ           13%        N/A       34%         3
 Gell's Gravitas          Tloc           13%        N/A       34%         3
 Hailstorm                Conj/Ice       13%        3d5       34%         3
 Spider Form              Tmut/Pois      13%        N/A       34%         3
 Teleport Other           Tloc           13%        N/A       34%         3
 Borgnjor's Vile Clutch   Necr/Erth      13%        N/A       67%         5
 Animate Dead             Necr           13%        N/A       75%         4
 Summon Ice Beast         Ice/Summ       13%        N/A       75%         4
 Iskenderun's Battlesphe  Conj           13%        2d7       97%         5
 Iron Shot                Conj/Erth      13%        9d3       99%         6
 Death Channel            Necr           6%         N/A       100%        6
 Dispersal                Tloc           6%         N/A       100%        6
 Eringya's Noxious Bog    Tmut/Pois      6%         N/A       100%        6
 Spellforged Servitor     Conj/Summ      6%         N/A       100%        7


Dungeon Overview and Level Annotations

Branches:
Dungeon (11/15)            Temple (1/1) D:4            Lair (4/5) D:10
 Shoals (0/4) Lair:3       Spider (0/4) Lair:3          Orc (0/2) D:9
  Slime: Lair:4-5

Altars:
Ashenzari
Cheibriados
Dithmenos
Elyvilon
Fedhas
Gozag
Hepliaklqana
Kikubaaqudgha
Makhleb
Nemelex Xobeh
Okawaru
Qazlal
Ru
Sif Muna
Trog
Uskayaw
Vehumet
Wu Jian
Xom
Yredelemnul
Zin
The Shining One

Shops:
D:1 =   D:4 [   D:8 (**[

Annotations:
D:9 1 transporter


Innate Abilities, Weirdness & Mutations

You are very small and have problems with some larger weapons.
You are too small for most types of armour.
You have supernaturally acute eyesight. (SInv)
You cover ground extremely quickly. (Speed+++)


Message History

The wolf attacks as you move away! The wolf completely misses you.
Your magical contamination has completely faded away.
The wolf attacks as you move away! The wolf completely misses you.
The wolf attacks as you move away! The wolf completely misses you.
The wolf closely misses you.
You see here a blink frog corpse.
Aiming: Ensorcelled Hibernation (safe; 2% risk of failure)
Press: ? - help, Q - select action, (/) - cycle Shift-Dir - straight line, f - wolf
Aim: a wolf (umbra, chance to affect: 63%)
The wolf looks drowsy...
Unknown command.
The helpless wolf fails to defend itself.
You stick the wolf like a pincushion!!!!!
You kill the wolf!
Dithmenos accepts your kill.
Aiming: Ensorcelled Hibernation (safe; 2% risk of failure)
Press: ? - help, Q - select action, (/) - cycle Shift-Dir - straight line, f - wolf
Aim: a wolf (umbra, chance to affect: 63%)
The wolf resists with significant effort.
Your shadow mimicks your spell!
The wolf looks drowsy...
The helpless wolf fails to defend itself.
You stick the wolf like a pincushion!!!!!
You kill the wolf!
Dithmenos accepts your kill.
Aiming: Ensorcelled Hibernation (safe; 2% risk of failure)
Press: ? - help, Q - select action, (/) - cycle Shift-Dir - straight line, f - wolf
Aim: a wolf (umbra, chance to affect: 63%)
The wolf looks drowsy...
Unknown command.
The helpless wolf fails to defend itself.
You spit the wolf like a pig!!!!!
You kill the wolf!
Dithmenos accepts your kill.
Aiming: Ensorcelled Hibernation (safe; 2% risk of failure)
Press: ? - help, Q - select action, (/) - cycle Shift-Dir - straight line, f - komodo dragon
Aim: a komodo dragon (umbra, chance to affect: 46%)
The komodo dragon resists with some effort.
The komodo dragon bites you!!
You die...

#...##.... ##....#
#...#....#####P....#
##.........#.#......## #
###..........†.........#
..###..........###.........#
..............###PP........#
#P............# #..........#
#........(.####...........#
##.........@##.............
##.......##l........####.<
#.......#........### .
##.....####........P#
#.....## #.......#..##
#....P#####.#.####...#
##......##.....###+#.## ##
#.......##.#.###.....#
#..#....#.##.....##.....#


You could see a komodo dragon.

Vanquished Creatures
  A hydra (Lair:1)
  Erica (D:10)
  4 black mambas
  5 cane toads
  4 unseen horror zombies (D:9)
  6 komodo dragons
  2 polar bears
  A troll (D:10)
  Grinder (D:4)
  12 blink frogs
  26 yaks
  6 wyverns
  2 wraiths
  3 basilisks
  2 steam dragons
  An acid dragon (D:11)
  9 water moccasins
  2 orc warriors
  A black bear (Lair:3)
  5 sky beasts
  7 wolves
  A kobold brigand (D:7)
  5 necrophages (D:9)
  6 bullfrogs
  A wyvern zombie (D:6)
  3 gnoll sergeants
  11 scorpions
  16 killer bees
  A howler monkey (D:11)
  2 electric eels (Lair:4)
  2 hounds
  A bullfrog skeleton (D:6)
  7 centaur zombies
  A jelly (D:7)
  A bullfrog zombie (D:6)
  A human zombie (D:9)
  5 orc priests
  4 iguanas
  5 hell rats (Lair:2)
  Natasha (twice) (D:3)
  3 orc wizards
  4 killer bee zombies
  6 howler monkey zombies
  10 gnolls
  10 adders
  4 white imps
  An ufetubus (D:5)
  A worm (D:2)
  3 dart slugs
  21 orcs
  13 bats
  6 endoplasms
  2 giant cockroaches
  9 goblins
  6 hobgoblins
  3 jackals (D:1)
  12 kobolds
  2 quokkas
  8 ball pythons
  7 frilled lizards
  6 rats
313 creatures vanquished.

Vanquished Creatures (collateral kills)
  Urug (Lair:2)
  3 gnolls
  2 orcs (D:7)
6 creatures vanquished.

Vanquished Creatures (others)
  5 dancing weapons
5 creatures vanquished.

Grand Total: 324 creatures vanquished

Notes
Turn   | Place    | Note
-------+----------+-------------------------------------------
     0 | D:1      | LynnLen the Spriggan Enchanter began the quest for the Orb.
     0 | D:1      | Reached XP level 1. HP: 9/9 MP: 5/5
    76 | D:1      | Found Gizakhokk's Jewellery Shoppe.
   179 | D:1      | Found a faded altar of an unknown god.
   185 | D:1      | Reached XP level 2. HP: 13/13 MP: 6/6
   193 | D:1      | Learned a level 2 spell: Ensorcelled Hibernation
   334 | D:1      | Reached skill level 5 in Stealth
   741 | D:1      | Reached XP level 3. HP: 16/16 MP: 8/8
   764 | D:1      | Learned a level 3 spell: Confusing Touch
   768 | D:1      | Learned a level 3 spell: Tukima's Dance
  1531 | D:2      | Reached XP level 4. HP: 21/21 MP: 10/10
  1607 | D:2      | Reached skill level 6 in Stealth
  2252 | D:3      | Identified the +1 ring mail of the Old and Reckless {rCorr}
  2718 | D:3      | Found a blossoming altar of Fedhas.
  2784 | D:3      | Noticed Natasha
  2797 | D:3      | Killed Natasha
  2925 | D:3      | Noticed Natasha
  2971 | D:3      | Killed Natasha
  2972 | D:3      | Reached XP level 5. HP: 24/24 MP: 6/11
  3122 | D:4      | Found Qoutim's Antique Armour Emporium.
  3142 | D:4      | Reached skill level 7 in Stealth
  3241 | D:4      | Found a staircase to the Ecumenical Temple.
  3258 | Temple   | Entered the Ecumenical Temple
  3514 | D:4      | Noticed a sky beast
  3521 | D:4      | Killed a sky beast
  3522 | D:4      | Reached XP level 6. HP: 28/28 MP: 11/13
  3824 | D:4      | Reached skill level 5 in Hexes
  3846 | D:4      | Found a burning altar of Makhleb.
  3847 | D:4      | Noticed a cacodemon
  3849 | D:4      | Reached skill level 8 in Stealth
  4052 | D:4      | Noticed Grinder
  4077 | D:4      | Killed Grinder
  4078 | D:4      | Reached XP level 7. HP: 32/32 MP: 9/15
  4350 | D:4      | Reached skill level 9 in Stealth
  4506 | D:5      | Entered Level 5 of the Dungeon
  4512 | D:5      | Reached skill level 5 in Spellcasting
  4626 | D:5      | Found a glowing golden altar of the Shining One.
  5319 | D:6      | Reached skill level 10 in Stealth
  5452 | D:6      | Reached XP level 8. HP: 36/36 MP: 17/17
  5522 | D:6      | Got the Codex of the Boreal Spider
  5812 | D:6      | Reached skill level 5 in Short Blades
  6640 | D:6      | Reached skill level 11 in Stealth
  6951 | D:7      | Found a shadowy altar of Dithmenos.
  6959 | D:7      | Became a worshipper of Dithmenos the Shadowed
  7075 | D:7      | Reached XP level 9. HP: 37/39 MP: 15/20
  8098 | D:8      | Found a sparkling altar of Nemelex Xobeh.
  8187 | D:8      | Found Xoahaf's Antique Weapon Boutique.
  8207 | D:8      | Reached skill level 12 in Stealth
  8212 | D:8      | Reached * piety under Dithmenos
  8587 | D:8      | Found Jeypnoits's Assorted Antiques.
  8592 | D:8      | Bought a scroll labelled SAYNUEREUN for 20 gold pieces
  8592 | D:8      | Bought a coppery potion for 18 gold pieces
  8592 | D:8      | Bought a potion of invisibility for 160 gold pieces
  8592 | D:8      | Bought a scroll of poison for 80 gold pieces
  8645 | D:8      | Found Jeto's Antique Armour Emporium.
  8700 | D:8      | Found Bicujei's General Store.
  8703 | D:8      | Bought a scroll of magic mapping for 90 gold pieces
  9131 | D:9      | Reached XP level 10. HP: 44/44 MP: 23/23
  9181 | D:9      | Reached ** piety under Dithmenos
  9207 | D:9      | Found an ancient bone altar of Kikubaaqudgha.
  9839 | D:9      | Found a basalt altar of Yredelemnul.
  9850 | D:9      | Reached skill level 13 in Stealth
  9873 | D:9      | Reached skill level 10 in Short Blades
  9979 | D:9      | Found a staircase to the Orcish Mines.
 10204 | D:9      | Found a transporter.
 10246 | D:9      | Found a transporter.
 10258 | D:10     | Entered Level 10 of the Dungeon
 10271 | D:10     | Noticed Erica
 10280 | D:10     | Killed Erica
 10442 | D:10     | Found a staircase to the Lair.
 10524 | D:10     | Found a stormy altar of Qazlal.
 10664 | D:10     | Reached skill level 14 in Stealth
 10666 | D:10     | Reached skill level 10 in Hexes
 10671 | D:10     | Learned a level 4 spell: Leda's Liquefaction
 10673 | D:10     | Learned a level 1 spell: Shock
 11106 | D:10     | Reached skill level 1 in Earth Magic
 11279 | D:11     | Reached *** piety under Dithmenos
 11282 | D:11     | Reached skill level 10 in Spellcasting
 11282 | D:11     | Reached XP level 11. HP: 47/47 MP: 24/26
 11488 | D:11     | Noticed a boulder beetle
 11534 | Lair:1   | Entered Level 1 of the Lair of Beasts
 11825 | Lair:1   | Reached skill level 1 in Air Magic
 11883 | Lair:1   | HP: 1/47 [poisoned by a black mamba]
 11887 | Lair:1   | Reached skill level 15 in Stealth
 12064 | Lair:1   | Noticed a seven-headed hydra
 12081 | Lair:1   | Killed a seven-headed hydra
 12896 | Lair:2   | Reached **** piety under Dithmenos
 13059 | Lair:2   | Noticed Urug
 13158 | Lair:2   | Reached skill level 16 in Stealth
 13334 | Lair:2   | Killed Urug
 13500 | Lair:2   | Reached XP level 12. HP: 51/51 MP: 25/28
 13529 | Lair:2   | Reached skill level 5 in Earth Magic
 14325 | Lair:3   | Found a hole to the Spider Nest.
 14336 | Lair:3   | Found a staircase to the Shoals.
 15231 | Lair:4   | Reached skill level 5 in Air Magic
 15260 | Lair:4   | Reached skill level 1 in Fighting
 15322 | Lair:4   | Reached skill level 17 in Stealth
 15468 | Lair:4   | Slain by a komodo dragon

Illustrated notes

Levels and vault maps discovered:
D:1:      dpeg_arrival_tiny_a, layout_basic, hellmonk_ecumenical_altar_run_dry,
          serial_shops, shop, minmay_tiny_reverse_x
D:2:      minmay_alternating_diamond, layout_loops_corners,
          wander_ebering_terrifying_dragon_lair
D:3:      layout_loops_ring, fedhas_altar_4, uniq_natasha
D:4:      layout_basic, makhleb_altar_promises_db, minmay_temple_entry_ruins,
          serial_shops, shop, uniq_grinder
D:5:      layout_rooms, tso_altar, minmay_misc_feat_enclosed,
          nicolae_grassy_gnolls
D:6:      old_forge, layout_cave_pools, serial_undead, serial_undead_c,
          serial_undead_c, serial_undead_a, serial_undead_f,
          ebering_dispersal_statue_hall
D:7:      layout_cave_pods, mainiacjoe_overflow_surrounded_room
D:8:      layout_loops_ring, nemelex_xobeh_ov_fountains_minmay, serial_shops,
          nicolae_shop_pleasant_corner_grove, shop, shop, shop,
          serial_bayou_pond_a, chequers_serial_rivers_room_b,
          amcnicky_mini_corridor_feature
D:9:      layout_basic, nicolae_yredelemnul_corpse_copse,
          lemuel_mausoleum_altar_kikubaaqudgha, orc_0_dummy,
          hangedman_decor_growths, nicolae_diode_stairs
D:10:     layout_basic, lemuel_coloured_pillars_altar, david_lair_shrubbed,
          uniq_erica
D:11:     layout_irregular_city
Temple:   eino_temple_water
Lair:1:   layout_gridlike, patterned_corridor
Lair:2:   layout_cellular_growth, uniq_urug
Lair:3:   layout_gridlike, shoals_dummy_entry, spider_nest_entry_web_field,
          grunt_megastairs_4
Lair:4:   layout_layer_cave, grunt_megastairs_3, infiniplex_staircase_pool,
          serial_bayou_shore_a

Skill      XL: |  1  2  3  4  5  6  7  8  9 10 11 12 |
---------------+-------------------------------------+-----
Stealth        | 5 6 7 8 10 11 12 14 16 17 | 17.1
Spellcasting   | 3 4 5 6 8 10 11 12 | 12.4
Hexes          | 4 5 6 7 8 10 | 10.0
Short Blades   | 2 3 4 6 9 10 | 10.0
Earth Magic    | 1 4 5 |  5.9
Air Magic      | 3 5 |  5.2
Dodging        | 4 |  4.2
Fighting       | 1 |  1.6

Action                     |  1- 3 |  4- 6 |  7- 9 | 10-12 || total
---------------------------+-------+-------+-------+-------++-------
  Melee: Dagger            |   128 |   105 |   299 |   283 ||   815
         Punch             |     2 |     2 |     4 |     5 ||    13
   Cast: Ensorcelled Hiber |     2 |    22 |    48 |   122 ||   194
         Confusing Touch   |       |     1 |     9 |    10 ||    20
         Tukima's Dance    |       |       |    19 |     3 ||    22
    Use: Scroll            |     3 |       |    10 |    13 ||    26
         Potion            |       |       |     2 |     6 ||     8
   Stab: Sleeping          |    16 |    28 |    58 |   110 ||   212
         Confused          |       |     2 |     8 |    10 ||    20
         Distracted        |       |       |       |     1 ||     1
 Armour: Robe              |    14 |     7 |    19 |     3 ||    43
         Acid dragon scale |       |       |       |    17 ||    17
  Dodge: Dodged            |   103 |    69 |   233 |   188 ||   593
